 Dungeon Crawl Stone Soup version 0.30-a0-860-g512cf1e979 (webtiles) character file.

Game seed: 3546137781230260689

241 lunkers the Slasher (level 6, -1/51 HPs)
             Began as a Meteoran Fighter on Mar 7, 2023.
             Was an Initiate of Ashenzari.
             Slain by a gnoll
             ... wielding a +2 vampiric halberd
             ... led by a gnoll bouda
              (3 damage)
             ... on level 4 of the Dungeon.
             The game lasted 00:03:27 (1705 turns).

lunkers the Slasher (Meteoran Fighter)              Turns: 1705, Time: 00:03:28

Health: -1/51      AC: 10    Str: 18    XL:     6   Next: 56%
Magic:  7/7        EV:  9    Int:  9    God:    Ashenzari [......]
Gold:   142        SH:  5    Dex: 16    Spells: 5/5 levels left

rFire   . . .      SeeInvis .    a - +0 long sword
rCold   . . .      Faith    .    c - +0 buckler
rNeg    . . .      Spirit   .    b - +0 scale mail
rPois   .          Reflect  .    j - +1 helmet
rElec   .          Rampage  .    f - scarf {repulsion}
rCorr   .                        (no gloves)
Will    .....                    n - +0 pair of boots Stlth
                                 v - amulet of magic regeneration
HPRegen 0.28/turn                (no ring)
MPRegen 0.50/turn                (no ring)

@: mighty, silenced (expiring), glowing, repel missiles
A: sense surroundings 1, otherworldly, glowing, explore regen
a: Renounce Religion


You were on level 4 of the Dungeon.
You worshipped Ashenzari.
Ashenzari was noncommittal.
You visited 2 branches of the dungeon, and saw 5 of its levels.

You collected 142 gold pieces.

Inventory:

Hand Weapons
 a - a +0 long sword (weapon)
Armour
 b - a +0 scale mail (worn)
 c - a +0 buckler (worn)
 f - a scarf of repulsion (worn)
 j - a +1 helmet (worn)
 n - a +0 pair of boots (worn)
Jewellery
 v - an amulet of magic regeneration (around neck)
Scrolls
 e - a scroll of fear
 h - 2 scrolls of identify
 i - a scroll of enchant armour
 r - a scroll of teleportation
Potions
 g - 2 potions of flight {unknown}
 k - a potion of mutation {unknown}
 l - 2 potions of degeneration {unknown}
 m - 3 potions of haste
 p - a potion of lignification {unknown}
 q - 2 potions of brilliance {unknown}
 s - 4 potions of curing {unknown}
 t - a potion of berserk rage {unknown}
 w - a potion of resistance {unknown}


   Skills:
 - Level 3.2 Fighting
 + Level 7.4 Long Blades
 - Level 3.6 Armour
 - Level 3.6 Shields


You had 5 spell levels left.
You didn't know any spells.
Your spell library contained the following spells:

 Spells                   Type           Power      Damage    Failure   Level
 Vhi's Electric Charge    Tloc/Air       0%         N/A       99%         3
 Arcjolt                  Conj/Air       0%         1d10      100%        5
 Maxwell's Capacitive Co  Air            0%         ∞         100%        8


Dungeon Overview and Level Annotations

Branches:
Dungeon (4/15) Zot: 715    Temple (1/1) D:4 Zot: 550

Altars:
Ashenzari
Cheibriados
Dithmenos
Elyvilon
Fedhas
Gozag
Hepliaklqana
Kikubaaqudgha
Makhleb
Okawaru
Qazlal
Ru
Sif Muna
Trog
Uskayaw
Vehumet
Wu Jian
Xom
Yredelemnul
Zin
The Shining One

Annotations:
D:4 3 runed translucent doors, hgbash's ghost, amateur DECj


Innate Abilities, Weirdness & Mutations

You passively map a small area around you.
You are easily found by Zot.
You glow in the dark.
You regain HP and MP as you explore.


Message History

The gnoll is heavily wounded.
The gnoll bouda calls upon its god to heal the gnoll.
The gnoll is healed somewhat.
The gnoll hits you from afar with a +0 spear.
The gnoll hits you with a +0 club.
The gnoll hits you from afar with a +2 vampiric halberd.
The gnoll hits you but does no damage.
You slash the gnoll!
The gnoll is severely wounded.
The gnoll bouda hits you but does no damage.
The gnoll hits you from afar with a +0 spear.
* * * LOW HITPOINT WARNING * * *
The gnoll hits you with a +0 club.
* * * LOW HITPOINT WARNING * * *
The gnoll barely misses you. The gnoll hits you but does no damage.
You slash the gnoll bouda!
The gnoll bouda is heavily wounded.
The gnoll bouda hits you with a +0 whip.
* * * LOW HITPOINT WARNING * * *
The gnoll hits you from afar with a +0 spear!
* * * LOW HITPOINT WARNING * * *
The gnoll closely misses you.
The gnoll hits you but does no damage. x3
Unknown command.
You slash the gnoll!
The gnoll is almost dead.
The gnoll bouda closely misses you. The gnoll closely misses you.
The gnoll hits you with a +0 club.
* * * LOW HITPOINT WARNING * * *
The gnoll hits you but does no damage. You block the gnoll's attack. x2
Unknown command.
Unknown command.
You barely miss the gnoll.
The gnoll is almost dead.
The gnoll bouda hits you with a +0 whip.
* * * LOW HITPOINT WARNING * * *
The gnoll closely misses you. The gnoll hits you but does no damage.
The gnoll hits you with a +0 club.
* * * LOW HITPOINT WARNING * * *
The gnoll hits you from afar with a +2 vampiric halberd.
You die...

, ..## ,* , ,, ..#
, , , , ..# *.# ,
..# #.
########.###### .
.##......g.g....#
#
.........ggg....##
## ,
..........@g.....#
.#
.####...###.....##
.#* * #.⌠.# #.####
.# **####...####.#
.# #...........#
.# #.⌠..>..⌠.###
.#######.........#
........###...####
........# #.⌠.#


You could see a gnoll bouda and 5 gnolls.

Vanquished Creatures
  An ogre (D:2)
  A hound (D:4)
  An iguana (D:4)
  4 adders
  A dart slug (D:4)
  7 ball pythons
  4 bats
  6 endoplasms
  10 hobgoblins
  4 quokkas
  5 frilled lizards
  5 goblins
  8 kobolds
  4 rats
61 creatures vanquished.

Notes
Turn   | Place    | Note
-------+----------+-------------------------------------------
     0 | D:1      | lunkers the Meteoran Fighter began the quest for the Orb.
     0 | D:1      | Reached XP level 1. HP: 19/19 MP: 2/2
    71 | D:1      | Reached skill level 3 in Long Blades
    71 | D:1      | Reached XP level 2. HP: 19/26 MP: 3/3
   244 | D:1      | Reached XP level 3. HP: 31/31 MP: 4/4
   272 | D:1      | Reached skill level 4 in Long Blades
   485 | D:1      | Glimpsed the power of Zot.
   774 | D:2      | Reached XP level 4. HP: 36/38 MP: 5/5
   873 | D:2      | Noticed an ogre
   880 | D:2      | Killed an ogre
   881 | D:2      | Reached skill level 6 in Long Blades
   881 | D:2      | Reached XP level 5. HP: 11/45 MP: 6/6
  1096 | D:3      | Found a large runed translucent door.
  1097 | D:3      | Found a large runed translucent door.
  1123 | D:3      | Found an ornate altar of the Wu Jian Council.
  1128 | D:3      | Found a shimmering blue altar of Sif Muna.
  1502 | D:4      | Noticed hgbash's ghost (amateur DECj)
  1504 | D:4      | Noticed an ogre
  1542 | D:4      | Found a runed translucent gate.
  1544 | D:4      | Reached XP level 6. HP: 51/51 MP: 7/7
  1544 | D:4      | Found a runed translucent gate.
  1549 | D:4      | Found a runed translucent gate.
  1564 | D:4      | Reached skill level 7 in Long Blades
  1622 | D:4      | Found a staircase to the Ecumenical Temple.
  1634 | Temple   | Entered the Ecumenical Temple
  1678 | Temple   | Became a worshipper of Ashenzari the Shackled
  1705 | D:4      | HP: 2/51 [gnoll/+0 club[a gnoll bouda] (5)]
  1705 | D:4      | Slain by a gnoll

Illustrated notes

Levels and vault maps discovered:
D:1:      dpeg_arrival_rooms_with_view, layout_basic
D:2:      layout_basic, uniq_crazy_yiuf_cottage
D:3:      layout_rooms, jmf_multi_god_temple2
D:4:      layout_basic, minmay_temple_entry_junction, gammafunk_ghost_split,
          sigmund_army
Temple:   hellmonk_temple_of_storms

Skill      XL: |  1  2  3  4  5  6 |
---------------+-------------------+-----
Long Blades    | 3 4 6 7 |  7.4
Fighting       | |  3.2
Armour         | |  3.6
Shields        | |  3.6

Action                     |  1- 3 |  4- 6 || total
---------------------------+-------+-------++-------
  Melee: Long sword        |    69 |    92 ||   161
    Use: Scroll            |       |     6 ||     6
         Potion            |       |     1 ||     1
 Armour: Scale mail        |    40 |    44 ||    84
  Dodge: Dodged            |    24 |    46 ||    70
         Repelled          |       |     2 ||     2
  Block: Buckler           |    17 |    23 ||    40

Table legend: (Time is in decaauts)
 A = Elapsed time spent in this place.
 B = Non-inter-level travel time spent in this place.
 C = Inter-level travel time spent in this place.
 D = Time resting spent in this place.
 E = Time spent auto-exploring this place.
 F = Levels seen in this place.
 G = Mean time per level.
                   A        B        C        D        E       F      G
               +--------+--------+--------+--------+--------+-----+--------+
         Total |   1733 |   1635 |     98 |      0 |   1130 |   5 |  346.6 |
       Dungeon |   1683 |   1585 |     98 |      0 |   1112 |   4 |  420.8 |
        Temple |     49 |     49 |      0 |      0 |     18 |   1 |   49.0 |
               +--------+--------+--------+--------+--------+-----+--------+

Top non-repeatable levels by time:
     D:2: 564 daAuts
     D:1: 516 daAuts
     D:3: 314 daAuts
     D:4: 287 daAuts
  Temple: 49 daAuts
